[Event "*** Titled Tuesday Blitz"]
[Site "Chess.com"]
[Date "2019.11.05"]
[Round "10"]
[White "FearNoEvil12"]
[Black "Niklas2304"]
[Result "1-0"]
[WhiteElo "2006"]
[BlackElo "2336"]
[TimeControl "180+2"]
[EndTime "15:15:41 PST"]
[Termination "FearNoEvil12 won by resignation"]

1. e4 c5 2. Nc3 d6 3. f4 Nc6 4. Nf3 g6 5. Bc4 Bg7 6. f5 gxf5 7. d3 fxe4 8. dxe4 Ne5 9. Nxe5 Bxe5 10. O-O e6 11. Qh5 Nf6 12. Qh4 Qe7 13. Bg5 Bd7 14.
Rxf6 Bxf6 15. Bxf6 Qf8 16. Rd1 Rg8 17. Nb5 Rxg2+ 18.
Kxg2 Qg8+ 19. Kh1 Qg6 20. Nxd6+ Kf8 21. Rg1 1-0

[Event "*** Titled Tuesday Blitz"]
[Site "Chess.com"]
[Date "2019.11.05"]
[Round "10"]
[White "StoreySniper"]
[Black "Manukyan_Artak"]
[Result "1-0"]
[WhiteElo "2281"]
[BlackElo "2360"]
[TimeControl "180+2"]
[EndTime "15:16:01 PST"]
[Termination "StoreySniper won by resignation"]

1. d4 Nf6 2. c4 e6 3. Nf3 b6 4. g3 Bb7 5. Bg2 d5 6. Ne5 Nbd7 7. Nc3 Bb4 8. O-O O-O 9. Bg5 Bxc3 10. bxc3 c6 11. Nxd7 Qxd7 12. Bxf6 gxf6 13. e4 dxc4 14.
Qg4+ Kh8 15. Qh4 Kg7 16. f4 c5 17. dxc5 bxc5 18. Rad1 Qe7 19. e5 Bxg2 20. Kxg2 Rad8 21. Rxd8 Rxd8 22. f5 Qb7+ 23. Kh3 Rd2 24. Qxf6+ Kf8 25. Qh6+ Ke8 26. Qxd2 1-0

[Event "*** Titled Tuesday Blitz"]
[Site "Chess.com"]
[Date "2019.11.05"]
[Round "10"]
[White "davigator"]
[Black "fidetrainerNET"]
[Result "0-1"]
[WhiteElo "2263"]
[BlackElo "2212"]
[TimeControl "180+2"]
[EndTime "15:17:07 PST"]
[Termination "fidetrainerNET won by resignation"]

1. e4 c5 2. Nf3 d5 3. exd5 Nf6 4. d4 Nxd5 5. c4 Nf6 6. Nc3 cxd4 7. Nxd4 a6 8. Be2 Qc7 9. O-O e5 10. Nf3 Bc5 11.
h3 O-O 12. Qc2 Nc6 13. Nd5 Qd6 14. Rd1 Nd4 15. Nxd4 Bxd4 16. Ne3 Be6 17. Rb1 Rac8 18. b4 Rfd8 19. c5 Qe7 20. Nf5 Qd7 21. Nxd4 exd4 22. Bd3 Nd5 23. Bxh7+ Kh8 24. Be4 Nc3 25. Rb3 Bxb3 26.
axb3 Nxd1 27. Qxd1 g6 28. Bg5 Re8 29. Bf6+ Kg8 30. Qf3 Qe6 31. Bd5 Qf5 32. Bxd4 Rcd8 33. Bxb7 Rxd4 34. c6 Re1+ 35. Kh2 Qxf3 36. gxf3 Rc1 37.
Kg3 Rxb4 0-1

[Event "*** Titled Tuesday Blitz"]
[Site "Chess.com"]
[Date "2019.11.05"]
[Round "10"]
[White "NZT72"]
[Black "adricalderon8"]
[Result "0-1"]
[WhiteElo "2489"]
[BlackElo "2377"]
[TimeControl "180+2"]
[EndTime "15:17:10 PST"]
[Termination "adricalderon8 won by resignation"]

1. c4 Nf6 2. g3 e5 3. Bg2 h6 4. Nc3 Bb4 5. e4 Bxc3 6. dxc3 d6 7. Qc2 Nc6 8. Nf3 Be6 9. Nd2 Qd7 10. h3 a6 11. b3 b5 12. f4 exf4 13. gxf4 Qe7 14. cxb5 axb5 15. O-O O-O 16. Nf3 Bd7 17. Nd4 b4 18. e5 Nxd4 19. cxd4 dxe5 20. dxe5 Nh5 21.
Be3 Qh4 22. Qf2 Qxf2+ 23. Kxf2 Ra5 24. Rfc1 Rc8 25. Rc5 Rxc5 26. Bxc5 Nxf4 27. Bxb4 Nd3+ 28. Ke3 Nxb4 0-1

[Event "*** Titled Tuesday Blitz"]
[Site "Chess.com"]
[Date "2019.11.05"]
[Round "10"]
[White "GasconJR"]
[Black "Crazy_girl99"]
[Result "1-0"]
[WhiteElo "2487"]
[BlackElo "2530"]
[TimeControl "180+2"]
[EndTime "15:17:11 PST"]
[Termination "GasconJR won by resignation"]

1. e4 e5 2. Nf3 Nc6 3. Bc4 Bc5 4.
O-O Nf6 5. d3 d6 6. c3 a6 7. a4 h6 8. Nbd2 O-O 9. h3 Qe7 10. Re1 Be6 11. Bxe6 fxe6 12. b4 Ba7 13. Nc4 Nh5 14. Ra2 b5 15. Ne3 Nf4 16. Ng4 h5 17. Ngh2 Qf7 18. Bxf4 Qxf4 19. h4 Ne7 20. Kh1 Ng6 21. g3 Qf6 22. Ng5 Rfe8 23. Qxh5 Nf8 24. axb5 a5 25. bxa5 Rab8 26. c4 Bd4 27. Ng4 Qe7 28. Nf3 Bc5 29. Qg5 Qf7 30. Nh6+ 1-0

[Event "*** Titled Tuesday Blitz"]
[Site "Chess.com"]
[Date "2019.11.05"]
[Round "10"]
[White "MikaelyanArman"]
[Black "albano87"]
[Result "1-0"]
[WhiteElo "2704"]
[BlackElo "2054"]
[TimeControl "180+2"]
[EndTime "15:17:18 PST"]
[Termination "MikaelyanArman won by resignation"]

1. e4 c5 2. Nc3 Nc6 3. Bb5 d6 4. f4 Bd7 5. Nf3 Nd4 6. Bxd7+ Qxd7 7. O-O g6 8. d3 Bg7 9. f5 e6 10. Nxd4 cxd4 11. Ne2 Rc8 12. Kh1 exf5 13. exf5 Rc5 14. Ng3 Nf6 15. Bg5 O-O 16. Bxf6 Bxf6 17. Ne4 Bg7 18.
Nxc5 dxc5 19. Qg4 Re8 20. Rae1 Re3 21. h3 Qe7 22. Rxe3 dxe3 23. c3 Be5 24. Qe4 Bd6 25. Qxe7 Bxe7 26. Re1 Bg5 27. fxg6 hxg6 28. g3 f5 29. Kg2 Kf7 30. Kf3 Kf6 31. a4 Ke5 32. h4 Bh6 33. h5 gxh5 34. Rh1 Kf6 35. Rxh5 Kg6 36. Rh1 Bg5 37. Rh8 Bf6 38. Rg8+ Kf7 39.
Rb8 1-0

[Event "*** Titled Tuesday Blitz"]
[Site "Chess.com"]
[Date "2019.11.05"]
[Round "10"]
[White "isla88"]
[Black "LuisFSiles"]
[Result "1-0"]
[WhiteElo "2201"]
[BlackElo "2293"]
[TimeControl "180+2"]
[EndTime "15:17:22 PST"]
[Termination "isla88 won by resignation"]

1. c4 e5 2. Nc3 Nf6 3. Nf3 e4 4. Ng5 b5 5. Ngxe4 Nxe4 6. Nxe4 bxc4 7. d3 d5 8. Ng3 cxd3 9. Qxd3 Bd6 10. e3 O-O 11. Be2 Nc6 12. O-O Be6 13. f4 Nb4 14.
Qd2 Bc5 15. f5 Bc8 16. f6 Re8 17. Qc3 d4 18. Qxc5 d3 19. Qg5 1-0

[Event "*** Titled Tuesday Blitz"]
[Site "Chess.com"]
[Date "2019.11.05"]
[Round "10"]
[White "pedro_gines"]
[Black "kinga2008"]
[Result "1-0"]
[WhiteElo "2542"]
[BlackElo "1980"]
[TimeControl "180+2"]
[EndTime "15:17:40 PST"]
[Termination "pedro_gines won by checkmate"]

1. g3 d5 2. Bg2 g6 3. Nf3 Bg7 4. O-O e5 5. d3 Nc6 6. c4 dxc4 7. dxc4 Qxd1 8. Rxd1 Be6 9. Na3 a6 10. Ng5 Bd7 11.
Nxf7 Kxf7 12. Rxd7+ Nge7 13. Bg5 Rhe8 14. Rxc7 h6 15.
Bxe7 Rxe7 16. Rxb7 Rxb7 17. Bxc6 Rab8 18. Bxb7 Rxb7 19. b3 e4 20. Rd1 Ke6 21. Nc2 Rf7 22.
Nd4+ Ke7 23. Nc6+ Kf6 24. Rd6+ Kf5 25. Kg2 g5 26. h3 h5 27. f3 exf3+ 28. exf3 Bf6 29.
g4+ hxg4 30. hxg4+ Kf4 31. Kf2 Bc3 32. Rd5 Bb2 33.
Ne7 Rf6 34. Ng6+ Rxg6 35. Rf5# 1-0

[Event "*** Titled Tuesday Blitz"]
[Site "Chess.com"]
[Date "2019.11.05"]
[Round "10"]
[White "vlad_Sid"]
[Black "SHIVACalypso"]
[Result "0-1"]
[WhiteElo "2463"]
[BlackElo "2287"]
[TimeControl "180+2"]
[EndTime "15:17:40 PST"]
[Termination "SHIVACalypso won by checkmate"]

1. c4 e5 2. g3 g6 3. Bg2 Bg7 4. Nc3 Nc6 5. Nf3 d6 6. O-O Nf6 7. d3 O-O 8. Rb1 a5 9. Ne1 Be6 10. Nc2 Qd7 11. Ne3 Bh3 12. Ned5 Bxg2 13. Kxg2 Ne7 14. Nxf6+ Bxf6 15. Ne4 Bg7 16. a3 f5 17.
Nc3 f4 18. b4 axb4 19. axb4 Rab8 20. b5 g5 21. Ba3 g4 22. Ne4 f3+ 23. Kg1 Qf5 24. e3 Qh5 25. Kh1 Qh3 26. Rg1 Rf5 27.
Qf1 Qxh2+ 28. Kxh2 Rh5+ 29. Qh3 Rxh3# 0-1

[Event "*** Titled Tuesday Blitz"]
[Site "Chess.com"]
[Date "2019.11.05"]
[Round "10"]
[White "zim0ne"]
[Black "StockholmMissile"]
[Result "1-0"]
[WhiteElo "2608"]
[BlackElo "2322"]
[TimeControl "180+2"]
[EndTime "15:17:53 PST"]
[Termination "zim0ne won by checkmate"]

1. Nf3 d5 2. c4 d4 3. b4 Bg4 4.
Ne5 Bf5 5. e3 f6 6. Nf3 e5 7. c5 b6 8. Bc4 bxc5 9. Qb3 Nh6 10. bxc5 Bxc5 11. Qb5+ Nd7 12. exd4 Bxd4 13. Nxd4 exd4 14.
O-O Qe7 15. Ba3 c5 16. Nc3 dxc3 17. Rfe1 Be4 18. d3 Rb8 19. Qa5 c2 20. Rac1 Rb1 21. Rxe4 Ne5 22. Qa4+ Kf8 23. Qxc2 Rxc1+ 24. Qxc1 g5 25.
d4 Qb7 26. Bxc5+ Kg7 27. Rxe5 fxe5 28. Qxg5# 1-0

[Event "*** Titled Tuesday Blitz"]
[Site "Chess.com"]
[Date "2019.11.05"]
[Round "10"]
[White "Eloist"]
[Black "CzechmVIII"]
[Result "1-0"]
[WhiteElo "2307"]
[BlackElo "2125"]
[TimeControl "180+2"]
[EndTime "15:18:00 PST"]
[Termination "Eloist won on time"]

1. e4 c5 2. d3 g6 3. f4 Bg7 4. Nf3 Nc6 5. Be2 e6 6. O-O d5 7.
c3 Nge7 8. Na3 O-O 9. e5 f6 10. d4 cxd4 11. cxd4 fxe5 12. dxe5 Qb6+ 13. Kh1 Nf5 14. Nc2 h5 15. Bd3 Nb4 16. Bxf5 Rxf5 17. Be3 Qa5 18. Bd2 Bf8 19. a3 Qc7 20. Bxb4 Bxb4 21.
Nxb4 a5 22. Rc1 Qg7 23. Nxd5 b6 24. Nxb6 1-0

[Event "*** Titled Tuesday Blitz"]
[Site "Chess.com"]
[Date "2019.11.05"]
[Round "10"]
[White "Iyael"]
[Black "wild_cat99"]
[Result "0-1"]
[WhiteElo "2103"]
[BlackElo "2374"]
[TimeControl "180+2"]
[EndTime "15:18:04 PST"]
[Termination "wild_cat99 won by resignation"]

1. e4 c5 2. c3 d5 3. exd5 Qxd5 4.
d4 Nf6 5. Nf3 Nc6 6. Be2 e6 7. O-O cxd4 8. cxd4 a6 9. Nc3 Qd8 10.
Bf4 Be7 11. Qd2 O-O 12. Rfd1 Bd7 13. Rac1 Nb4 14. a3 Nbd5 15. Bg5 Rc8 16. Bd3 Bc6 17. Bb1 Nxc3 18. Rxc3 Bxf3 19. Rxf3 Qd5 20. Qd3 Qxg5 21. Rxf6 g6 22. Rf3 Rc1 23. Re3 Rfc8 24. g3 Qb5 25. Qxb5 Rxd1+ 26. Qf1 Rxf1+ 27. Kxf1 Rc1+ 28. Re1 Bg5 29.
Rxc1 Bxc1 30. Be4 b6 31. Bd3 Bxb2 32. Bxa6 Bxd4 33. Ke2 f5 34. a4 e5 35. f3 Kf7 36. h3 Kf6 37. Bc4 e4 38. Bd5 Ke5 39.
Bg8 h6 40. Bf7 g5 41. g4 fxg4 42. hxg4 Kf4 43. Bd5 exf3+ 44. Bxf3 Kg3 0-1

[Event "*** Titled Tuesday Blitz"]
[Site "Chess.com"]
[Date "2019.11.05"]
[Round "10"]
[White "LimeInTheCoconut"]
[Black "Bathory44"]
[Result "0-1"]
[WhiteElo "2457"]
[BlackElo "2607"]
[TimeControl "180+2"]
[EndTime "15:18:07 PST"]
[Termination "Bathory44 won by resignation"]

1. Nf3 Nf6 2. c4 g6 3. Nc3 Bg7 4. e4 d6 5. d4 O-O 6. Be2 e5 7.
d5 a5 8. Bg5 h6 9. Be3 Na6 10.
Nd2 Nc5 11. h4 c6 12. h5 a4 13. hxg6 fxg6 14. Bxh6 Bxh6 15. Rxh6 Kg7 16. Rh1 a3 17. b3 Qa5 18. Qc2 Bd7 19. O-O-O cxd5 20. cxd5 b5 21. Kb1 Rac8 22. f3 Na4 23. bxa4 Rxc3 24. Nb3 Rxc2 25. Nxa5 Rxe2 26. Nb7 Nxe4 27. fxe4 Rff2 28. Nxd6 Rb2+ 29. Ka1 Rxa2+ 30. Kb1 Rfb2+ 0-1

[Event "*** Titled Tuesday Blitz"]
[Site "Chess.com"]
[Date "2019.11.05"]
[Round "10"]
[White "VerdeNotte"]
[Black "Genghis_K"]
[Result "1-0"]
[WhiteElo "2813"]
[BlackElo "2893"]
[TimeControl "180+2"]
[EndTime "15:18:09 PST"]
[Termination "VerdeNotte won by resignation"]

1. g3 d5 2. Nf3 c6 3. Bg2 Nf6 4.
b3 g6 5. Bb2 Bg7 6. O-O O-O 7. d3 a5 8. a4 Na6 9. Nbd2 Nb4 10.
Be5 Nd7 11. Bxg7 Kxg7 12. c3 Na6 13. d4 Nf6 14. Ne5 Nd7 15. Nd3 Re8 16. e4 dxe4 17.
Nxe4 Nf6 18. Re1 Nxe4 19. Bxe4 Qd6 20. h4 h5 21. Qc2 Nc7 22. Rad1 Bg4 23. Rd2 Rad8 24.
Ne5 Bc8 25. Nc4 Qf6 26. Nxa5 g5 27. hxg5 Qxg5 28. Nc4 h4 29. f4 Qg4 30. Ne5 Qe6 31. gxh4 Rh8 32. Rg2+ Kf8 33. Bg6 f6 34. Bf7 Qf5 35.
Ng6+ Kxf7 36. Rxe7+ Kg8 37. Qxf5 Bxf5 38. Nxh8+ Kxh8 39. Rxc7 1-0

[Event "*** Titled Tuesday Blitz"]
[Site "Chess.com"]
[Date "2019.11.05"]
[Round "10"]
[White "Svet99"]
[Black "Bishops83"]
[Result "1-0"]
[WhiteElo "2146"]
[BlackElo "2225"]
[TimeControl "180+2"]
[EndTime "15:18:12 PST"]
[Termination "Svet99 won by resignation"]

1. c4 c5 2. Nc3 g6 3. g3 Bg7 4.
Bg2 Nc6 5. Nf3 d6 6. O-O e5 7. Nd5 Nge7 8. d3 O-O 9. Bg5 f6 10. Bd2 Be6 11. Nxe7+ Nxe7 12. e4 h6 13. a3 Rc8 14. b4 b6 15. b5 f5 16. a4 f4 17.
gxf4 exf4 18. Ra2 g5 19. a5 Ng6 20. axb6 axb6 21. Ra7 g4 22. Ne1 f3 23. Bh1 Qh4 24. Rxg7+ Kxg7 25. Bc3+ Kh7 26. Bd2 Ra8 27. Nc2 Ra2 28. Be3 Ne5 29. Ne1 Re2 30. Qc1 Rxe1 31. Qxe1 Nxd3 32. Qc3 Ne5 33. Ra1 Rf7 34. Ra8 Rg7 35. Bf4 Nxc4 36. e5 dxe5 37. Qd3+ Rg6 38.
Ra7+ 1-0

[Event "*** Titled Tuesday Blitz"]
[Site "Chess.com"]
[Date "2019.11.05"]
[Round "10"]
[White "TregubovP"]
[Black "nihalsarin"]
[Result "1/2-1/2"]
[WhiteElo "2587"]
[BlackElo "2957"]
[TimeControl "180+2"]
[EndTime "15:18:19 PST"]
[Termination "Game drawn by agreement"]

1. e4 e5 2. Nf3 Nc6 3. Bb5 a6 4. Ba4 Nf6 5. d4 Nxe4 6. O-O Be7 7. Re1 b5 8. Bb3 d5 9. dxe5 Be6 10. c3 O-O 11. Nbd2 Nc5 12. Nd4 Nxd4 13. cxd4 Nd3 14. Re3 Nxc1 15. Rxc1 Rc8 16. Nf3 c5 17. dxc5 Rxc5 18.
Rxc5 Bxc5 19. Rd3 Qb6 20. Qd2 Rd8 21. Nd4 h6 22. h3 a5 23. a3 a4 24. Bd1 Rc8 25.
Nxe6 fxe6 26. Bg4 Rf8 27. Rf3 Rxf3 28. Bxf3 Bd4 29. Qe2 Qc7 30. Bg4 Kf7 31. Bxe6+ Ke7 32. Bxd5 Qxe5 33. Qxe5+ Bxe5 34. Bc6 Bxb2 35. Bxb5 Bxa3 36.
Bxa4 1/2-1/2

[Event "*** Titled Tuesday Blitz"]
[Site "Chess.com"]
[Date "2019.11.05"]
[Round "10"]
[White "deBaller"]
[Black "Alopekos"]
[Result "1-0"]
[WhiteElo "2364"]
[BlackElo "2448"]
[TimeControl "180+2"]
[EndTime "15:18:27 PST"]
[Termination "deBaller won by checkmate"]

1. e4 c5 2. Nf3 e6 3. c3 Nf6 4. e5 Nd5 5. d4 cxd4 6. cxd4 d6 7. Bc4 Nc6 8. O-O Be7 9. Qe2 O-O 10. Re1 Qb6 11. Qe4 dxe5 12. dxe5 Rd8 13. a3 Bd7 14. Bd3 g6 15. h4 Be8 16. h5 Na5 17. hxg6 hxg6 18.
Bg5 Nb3 19. Qh4 Qc7 20. Ra2 Nc5 21. Bc4 Nb6 22. Bf6 Nxc4 23. Qh8# 1-0

[Event "*** Titled Tuesday Blitz"]
[Site "Chess.com"]
[Date "2019.11.05"]
[Round "10"]
[White "ChessBitl"]
[Black "GelmanAlexander"]
[Result "1-0"]
[WhiteElo "2381"]
[BlackElo "2508"]
[TimeControl "180+2"]
[EndTime "15:18:44 PST"]
[Termination "ChessBitl won by resignation"]

1. e4 c5 2. Nf3 e6 3. d4 cxd4 4. Nxd4 d6 5. c4 b6 6. Nc3 Bb7 7. Be3 Nf6 8. f3 a6 9. Qd2 Nbd7 10. Be2 Rc8 11. O-O h6 12. Rfd1 Rg8 13. Rac1 g5 14. h3 Be7 15. b4 Nh5 16. Nb3 Nf4 17. Bf1 h5 18. Qd4 Qc7 19. Na4 Rb8 20. Nxb6 e5 21. Qd2 Nxb6 22. c5 dxc5 23. bxc5 Nc8 24. c6 Ba8 25. Qd7+ 1-0

[Event "*** Titled Tuesday Blitz"]
[Site "Chess.com"]
[Date "2019.11.05"]
[Round "10"]
[White "medalja"]
[Black "MikeSailer"]
[Result "0-1"]
[WhiteElo "2355"]
[BlackElo "2221"]
[TimeControl "180+2"]
[EndTime "15:18:44 PST"]
[Termination "MikeSailer won by checkmate"]

1. d4 d5 2. c4 Bf5 3. Nc3 e6 4. cxd5 exd5 5. Qb3 Nc6 6. Be3 Bb4 7. a3 Bxc3+ 8.
Qxc3 Nf6 9. f3 O-O 10. g4 Bd7 11. h4 Re8 12. h5 Qe7 13. Bf4 Bxg4 14. fxg4 Nxg4 15. Nf3 Qe4 16. Bd2 a5 17. Rh4 f5 18.
O-O-O Nb4 19. Qb3 c5 20. h6 c4 21. Qa4 Na2# 0-1

[Event "*** Titled Tuesday Blitz"]
[Site "Chess.com"]
[Date "2019.11.05"]
[Round "10"]
[White "Keaton87"]
[Black "temus_galaktionov"]
[Result "0-1"]
[WhiteElo "2585"]
[BlackElo "2700"]
[TimeControl "180+2"]
[EndTime "15:18:45 PST"]
[Termination "temus_galaktionov won by resignation"]

1. d4 c6 2. Nf3 g6 3. e4 Bg7 4. Nc3 d6 5. a4 Nd7 6. Be3 e5 7.
Be2 Ngf6 8. h3 O-O 9. O-O Qe7 10. dxe5 dxe5 11. a5 Nc5 12. Nd2 Rd8 13. Qc1 Ne6 14. Nc4 Nd4 15. Bd3 Nh5 16. Ne2 Ne6 17. g3 Nc5 18.
Bxc5 Qxc5 19. Kg2 f5 20. Qe3 Qe7 21. exf5 gxf5 22. g4 fxg4 23. hxg4 Bxg4 24. Rh1 e4 25. Bxe4 Bxe2 26. Bxh7+ Kf8 27. Qxe7+ Kxe7 28. Rae1 Nf4+ 29. Kg3 Kf8 30. Ne3 Be5 31. Ng4 Bc7 32. Kh4 Kg7 33.
Kg5 Ne6+ 34. Kf5 Nd4+ 35. Kg5 Nf3+ 36. Kf5 Rd5+ 37. Ke4 Re8+ 0-1

[Event "*** Titled Tuesday Blitz"]
[Site "Chess.com"]
[Date "2019.11.05"]
[Round "10"]
[White "NTBT_DHS"]
[Black "GrandGlacier"]
[Result "1-0"]
[WhiteElo "2673"]
[BlackElo "2533"]
[TimeControl "180+2"]
[EndTime "15:18:46 PST"]
[Termination "NTBT_DHS won by resignation"]

1. d4 Nf6 2. Nc3 d5 3. Bg5 Nbd7 4. f3 e6 5. e4 h6 6. Bh4 Be7 7. e5 Nh5 8. Bxe7 Qxe7 9. Nge2 a6 10. h4 g6 11. g4 Ng7 12. Qd2 c5 13. O-O-O b5 14. Qe3 Bb7 15. Ng3 Bc6 16. Kb1 b4 17.
Nce2 Bb5 18. f4 h5 19. f5 hxg4 20. f6 Nxf6 21. exf6 Qxf6 22. dxc5 Rxh4 23. Rxh4 Qxh4 24. Qe5 Kf8 25. Nd4 Bxf1 26. Rxf1 Nf5 27. Ndxf5 gxf5 28. Rh1 Qxh1+ 29. Nxh1 Ke7 30. Ng3 Rg8 31. Nxf5+ Ke8 32.
Qb8+ Kd7 33. Qb7+ Kd8 34. Qe7+ Kc8 35. Nd6+ 1-0

[Event "*** Titled Tuesday Blitz"]
[Site "Chess.com"]
[Date "2019.11.05"]
[Round "10"]
[White "Denis_Makhnyov"]
[Black "anesar92"]
[Result "1-0"]
[WhiteElo "2903"]
[BlackElo "2684"]
[TimeControl "180+2"]
[EndTime "15:18:48 PST"]
[Termination "Denis_Makhnyov won by resignation"]

1. c4 e5 2. Nc3 Nc6 3. e3 g6 4. d4 Bg7 5. d5 Nb8 6. e4 d6 7. Be3 f5 8. exf5 Bxf5 9. Nge2 Nf6 10. Ng3 O-O 11. Be2 Nbd7 12. O-O a5 13. a3 h5 14. Bg5 Qe8 15. h3 Nc5 16. b4 axb4 17.
axb4 Rxa1 18. Qxa1 Nb3 19. Qa7 Nh7 20. Be3 Nd4 21.
Qxb7 h4 22. Nxf5 gxf5 23. Bd1 e4 24. Qxc7 f4 25. Bxd4 Bxd4 26. Nb5 Be5 27. Bg4 f3 28.
Qd7 fxg2 29. Kxg2 Qxd7 30. Bxd7 Ng5 31. c5 dxc5 32. bxc5 Rd8 33. c6 Kf7 34. d6 Nf3 35. c7 Rg8+ 36. Bg4 1-0

[Event "*** Titled Tuesday Blitz"]
[Site "Chess.com"]
[Date "2019.11.05"]
[Round "10"]
[White "mikhaillushenkov"]
[Black "ehrenfeld"]
[Result "1/2-1/2"]
[WhiteElo "2691"]
[BlackElo "2542"]
[TimeControl "180+2"]
[EndTime "15:18:49 PST"]
[Termination "Game drawn by repetition"]

1. Nf3 d5 2. c4 d4 3. e3 dxe3 4. fxe3 g6 5. d4 Bg7 6. Nc3 Nf6 7. Bd3 O-O 8. O-O c5 9. d5 Bg4 10. e4 Nfd7 11. h3 Bxf3 12. gxf3 Bd4+ 13. Kg2 e5 14. Bh6 Nf6 15. Bxf8 Kxf8 16. Ne2 Nh5 17. Nxd4 Qg5+ 18. Kf2 cxd4 19. Ke1 Nf4 20. Qd2 Nd7 21. b4 a5 22. Kd1 axb4 23. Qxb4+ Kg7 24. Qd2 Nc5 25.
Bc2 d3 26. Bb1 Nb3 27. axb3 Rxa1 28. Qb2 Rxb1+ 29. Qxb1 Qg2 30. Re1 Qxf3+ 31. Kd2 Qf2+ 32. Kc3 Qd4+ 33. Kd2 Qf2+ 34. Kc3 Qd4+ 35. Kd2 Qf2+ 1/2-1/2

[Event "*** Titled Tuesday Blitz"]
[Site "Chess.com"]
[Date "2019.11.05"]
[Round "10"]
[White "Mikhail_Golubev"]
[Black "cherryandmint"]
[Result "0-1"]
[WhiteElo "2628"]
[BlackElo "2824"]
[TimeControl "180+2"]
[EndTime "15:18:53 PST"]
[Termination "cherryandmint won by resignation"]

1. e4 e5 2. Nf3 Nc6 3. Nc3 Nf6 4. d4 exd4 5. Nxd4 Bb4 6. Nxc6 bxc6 7. Bd3 O-O 8. O-O d5 9. Bd2 Re8 10. Nxd5 Nxd5 11.
exd5 Bxd2 12. Qxd2 cxd5 13. b4 Bb7 14. Rfe1 Qd6 15. b5 g6 16. c3 Qc5 17. Bf1 Rxe1 18.
Rxe1 a6 19. bxa6 Bxa6 20. Bxa6 Rxa6 21. h3 Qc4 22. Re8+ Kg7 23. Qe3 Qxa2 24. Qe5+ Rf6 25. f4 Qb1+ 26. Kh2 Qf1 27. Kg3 Qd3+ 28. Kh2 c6 29.
Rc8 Qc4 30. Qe8 Qxf4+ 31. Kh1 Qf1+ 32. Kh2 Qf4+ 33. Kh1 Re6 34. Qh8+ Kh6 35. Qf8+ Kh5 0-1

[Event "*** Titled Tuesday Blitz"]
[Site "Chess.com"]
[Date "2019.11.05"]
[Round "10"]
[White "SaraciNderim"]
[Black "joshdaruca"]
[Result "1-0"]
[WhiteElo "2834"]
[BlackElo "2705"]
[TimeControl "180+2"]
[EndTime "15:18:55 PST"]
[Termination "SaraciNderim won on time"]

1. d4 Nf6 2. Nf3 e6 3. g3 b5 4.
Bg2 Bb7 5. O-O d5 6. e3 c5 7. dxc5 Bxc5 8. b3 Nbd7 9. Bb2 O-O 10. Nbd2 a5 11. Ne5 b4 12. c4 bxc3 13. Bxc3 Qb6 14.
Ndc4 dxc4 15. Nxd7 Nxd7 16. Qxd7 Bxg2 17. Kxg2 cxb3 18.
Qa4 bxa2 19. Rxa2 Qb7+ 20. Kg1 Bb4 21. Rb1 Qe4 22. Rab2 Rfb8 23. Bxb4 h5 24. Qd1 1-0

[Event "*** Titled Tuesday Blitz"]
[Site "Chess.com"]
[Date "2019.11.05"]
[Round "10"]
[White "vladimirdamjanovic"]
[Black "RiskyDecision"]
[Result "1-0"]
[WhiteElo "2600"]
[BlackElo "2505"]
[TimeControl "180+2"]
[EndTime "15:18:56 PST"]
[Termination "vladimirdamjanovic won by resignation"]

1. e4 e6 2. d4 d5 3. Nc3 dxe4 4. Nxe4 Nd7 5. Nf3 Ngf6 6. Nxf6+ Nxf6 7. Bg5 h6 8. Bh4 c5 9. Bb5+ Bd7 10. Bxd7+ Qxd7 11. Qe2 Be7 12. O-O-O O-O 13. dxc5 Qc6 14. Ne5 Qxc5 15.
Kb1 Rfd8 16. Bxf6 Bxf6 17. Nd7 Qe7 18. Nxf6+ Qxf6 19. f3 Qf4 20. g3 Qf5 21. f4 h5 22.
b3 b5 23. Rxd8+ Rxd8 24. Rd1 Rxd1+ 25. Qxd1 b4 26. Qd4 a5 27. Kb2 Qh3 28. Qf2 Kh7 29. c4 bxc3+ 30. Kxc3 Kg6 31. a3 h4 32. b4 axb4+ 33.
axb4 Kh7 34. b5 hxg3 35. hxg3 Qh1 36. b6 Qc1+ 37. Qc2+ 1-0

[Event "*** Titled Tuesday Blitz"]
[Site "Chess.com"]
[Date "2019.11.05"]
[Round "10"]
[White "FairChess_on_YouTube"]
[Black "vugarrasulov"]
[Result "1-0"]
[WhiteElo "3021"]
[BlackElo "2789"]
[TimeControl "180+2"]
[EndTime "15:18:57 PST"]
[Termination "FairChess_on_YouTube won by checkmate"]

1. Nf3 c5 2. g3 g6 3. Bg2 Bg7 4. O-O Nc6 5. c4 e6 6. Nc3 Nge7 7. d4 cxd4 8. Nb5 O-O 9. Nfxd4 Nxd4 10. Nxd4 d5 11.
cxd5 Nxd5 12. e4 Nb6 13. Nb5 Bd7 14. Qb3 a6 15. Nd6 Ba4 16. Qb4 a5 17. Qa3 Bc6 18. Bf4 Na4 19. e5 Bxg2 20. Kxg2 Qd7 21. Rac1 b5 22. Rfd1 g5 23. Ne4 Qb7 24. Qf3 Rab8 25. Bxg5 Nxb2 26. Bf6 Bxf6 27. Rd7 Qa8 28. exf6 Kh8 29.
Rc5 Rbd8 30. Rh5 Rxd7 31. Rxh7+ Kg8 32. Rg7+ Kh8 33. Qh5# 1-0

[Event "*** Titled Tuesday Blitz"]
[Site "Chess.com"]
[Date "2019.11.05"]
[Round "10"]
[White "cool4chess"]
[Black "chito89"]
[Result "1-0"]
[WhiteElo "2585"]
[BlackElo "2739"]
[TimeControl "180+2"]
[EndTime "15:19:06 PST"]
[Termination "cool4chess won by resignation"]

1. e4 c5 2. Nf3 e6 3. d4 cxd4 4. Nxd4 Nc6 5. Nc3 Qc7 6. Be2 a6 7. O-O Nf6 8. Kh1 Nxd4 9. Qxd4 b5 10. e5 Bc5 11. Qf4 b4 12. exf6 Qxf4 13. Bxf4 bxc3 14. fxg7 Rg8 15. Be5 cxb2 16. Bxb2 Ke7 17. Bd3 f6 18. Bxh7 Rxg7 19. Be4 Rb8 20. Rab1 Kf7 21.
Bc3 Rxb1 22. Rxb1 d5 23. Bd3 Bxf2 24. Bxf6 Kxf6 25. Rf1 Ke5 26. Rxf2 Kd4 27. Rf8 Bb7 28. h4 Rg4 29. Rh8 e5 30. h5 Ke3 31. Bf5 Rh4+ 32.
Kg1 e4 33. h6 Kd2 34. h7 e3 35. Bd3 d4 36. Re8 Be4 37. Rxe4 Rxe4 38. h8=Q e2 39. Qh6+ Re3 40. Bxe2 1-0

[Event "*** Titled Tuesday Blitz"]
[Site "Chess.com"]
[Date "2019.11.05"]
[Round "10"]
[White "Darhild"]
[Black "VincentKeymer"]
[Result "0-1"]
[WhiteElo "2678"]
[BlackElo "2584"]
[TimeControl "180+2"]
[EndTime "15:19:13 PST"]
[Termination "VincentKeymer won by resignation"]

1. e4 c6 2. Nc3 d5 3. Nf3 Bg4 4.
h3 Bxf3 5. Qxf3 e6 6. Be2 Nd7 7. O-O Ngf6 8. Rd1 d4 9. Nb1 Bd6 10. g3 h5 11. d3 h4 12. g4 Qc7 13. Nd2 Ne5 14. Qg2 Ng6 15. Nc4 Bf4 16. e5 Bxe5 17. Nxe5 Qxe5 18. Bf3 Nf4 19. Bxf4 Qxf4 20. g5 Nd7 21. g6 Ne5 22. gxf7+ Kxf7 23. Be4 Rh5 24.
Qh2 Rg5+ 25. Kh1 Qxh2+ 26. Kxh2 Nd7 27. Rg1 Rxg1 28. Rxg1 Nf6 29. Rg5 Rd8 30. Bg6+ Kf8 31. Re5 Ke7 32. Bf5 Rd6 33. Bg4 Nxg4+ 34. hxg4 Rd5 35. Rxd5 cxd5 36. g5 e5 37. Kh3 Ke6 38. Kxh4 Kf5 39. Kh5 b5 40. f3 a5 41. a3 a4 42. b4 axb3 43. cxb3 e4 44. fxe4+ dxe4 45. dxe4+ Kxe4 46. Kg6 d3 47. Kxg7 d2 48. g6 d1=Q 49. Kh7 Kf5 0-1

[Event "*** Titled Tuesday Blitz"]
[Site "Chess.com"]
[Date "2019.11.05"]
[Round "10"]
[White "semchik73"]
[Black "Qvalda"]
[Result "1-0"]
[WhiteElo "2422"]
[BlackElo "2524"]
[TimeControl "180+2"]
[EndTime "15:19:14 PST"]
[Termination "semchik73 won by resignation"]

1. Nf3 d5 2. c4 e6 3. d4 a6 4. Nc3 dxc4 5. a4 c5 6. e3 Nf6 7. Bxc4 Nc6 8. O-O Qc7 9. Qe2 Bd6 10. h3 b6 11. Rd1 O-O 12. e4 cxd4 13. Nxd4 Nxd4 14. Rxd4 Be5 15. Rd1 Bb7 16. Bd3 Rfd8 17. Be3 Bf4 18. Bxf4 Qxf4 19. e5 Qg5 20. f4 Qxf4 21.
exf6 Qxf6 22. Be4 Bxe4 23. Qxe4 Rac8 24. Rxd8+ Rxd8 25. Rd1 Rxd1+ 26. Nxd1 g6 27. Nc3 Kg7 28. Qd3 a5 29. Ne4 Qxb2 30. Qc3+ Qxc3 31. Nxc3 Kf6 32. Kf2 e5 33. Nd5+ Ke6 34. Nxb6 f5 35. Nc4 Kd5 36. Nxa5 Kc5 37. Nb3+ Kb4 38. a5 Kb5 39. Ke3 e4 40. Kd4 g5 41. Ke3 h6 42. Nd4+ Kxa5 43. Nxf5 Kb5 44. Kxe4 1-0